 Dungeon Crawl Stone Soup version 0.30.1-3-gfc49f6343a (webtiles) character file.

Game seed: 3381664009108726652

2457 KyoPewz the Basher (level 9, -3/120 HPs)
             Began as an Ogre Gladiator on Aug 1, 2023.
             Killed by an exploding hobgoblin (21 damage)
             ... ignited by their inner flame
             ... in a bailey.
             The game lasted 00:26:27 (9221 turns).

KyoPewz the Basher (Ogre Gladiator)                 Turns: 9221, Time: 00:26:27

Health: -3/120     AC: 24    Str: 24    XL:     9   Next: 50%
Magic:  9/9        EV:  1    Int:  9    God:
Gold:   367        SH:  0    Dex: 10    Spells: 8/8 levels left

rFire   . . .        A - +0 giant club
rCold   . . .        (shield currently unavailable)
rNeg    . . .        b - melded +0 robe
rPois   +            c - melded +0 hat
rElec   .            (cloak currently unavailable)
rCorr   .            (gloves unavailable)
SInv    +            (boots unavailable)
Will    .....        I - amulet of magic regeneration
Stlth   +            P - ring of poison resistance
HPRegen 0.40/turn    S - ring of see invisible
MPRegen 0.51/turn

%: no passive effects
@: tree-form
A: stationary, stasis, torment immunity, boosted hp, large, unfitting armour,
(tough skin 1)
a: no special abilities


You were in a bailey.
You were a tree.
You visited 2 branches of the dungeon, and saw 8 of its levels.
You also visited: Bailey.

You collected 367 gold pieces.

Inventory:

Hand Weapons
 a - a +0 flail
 e - a +0 giant spiked club
 v - a +3 mace
 A - a +0 giant club (weapon)
Missiles
 d - a throwing net
 p - 2 boomerangs
 z - 17 poisoned darts
 B - 44 stones (quivered)
 E - a large rock
Armour
 b - a +0 robe (melded)
 c - a +0 hat (melded)
Jewellery
 C - a ring of resist corrosion
 D - a ring of willpower
 I - an amulet of magic regeneration (around neck)
 P - a ring of poison resistance (left branch)
 S - a ring of see invisible (right branch)
 W - a ring of wizardry
Wands
 K - a wand of flame (10)
Scrolls
 f - 4 scrolls of immolation
 g - a scroll of magic mapping {unknown}
 l - 2 scrolls of torment {unknown}
 n - 2 scrolls of noise {unknown}
 r - 2 scrolls of poison {unknown}
 s - a scroll of fear {unknown}
 t - 2 scrolls of amnesia {unknown}
 u - 2 scrolls of teleportation {unknown}
 x - a scroll of blinking {unknown}
 y - a scroll of brand weapon {unknown}
 G - a scroll of enchant weapon {unknown}
 H - 3 scrolls of enchant armour {unknown}
Potions
 h - a potion of haste
 i - 2 potions of flight
 j - 2 potions of lignification
 k - a potion of attraction {unknown}
 m - a potion of experience {unknown}
 o - 4 potions of brilliance
 q - a potion of curing
 w - a potion of cancellation
 F - a potion of mutation {unknown}
 J - a potion of invisibility {unknown}


   Skills:
 - Level 2.6 Fighting
 + Level 11.7 Maces & Flails
 * Level 2.4 Throwing
 - Level 2.6 Dodging


You had 8 spell levels left.
You didn't know any spells.
Your spell library contained the following spells:

 Spells                   Type           Power      Damage    Failure   Level
 Apportation              Tloc           0%         N/A       38%         1
 Necrotise                Necr           0%         1d4       38%         1
 Summon Small Mammal      Summ           0%         N/A       38%         1
 Ensorcelled Hibernation  Hex/Ice        0%         N/A       52%         2
 Passwall                 Tmut/Erth      0%         N/A       52%         2
 Gell's Gravitas          Tloc           0%         N/A       77%         3
 Swiftness                Air            0%         N/A       77%         3
 Teleport Other           Tloc           0%         N/A       77%         3
 Volatile Blastmotes      Fire/Tloc      0%         2d10      77%         3
 Animate Dead             Necr           0%         N/A       99%         4
 Fulminant Prism          Conj/Hex       0%         3d5       99%         4
 Iskenderun's Mystic Bla  Conj/Tloc      0%         2d3       99%         4
 Passage of Golubria      Tloc           0%         N/A       99%         4
 Borgnjor's Vile Clutch   Necr/Erth      0%         N/A       100%        5
 Lee's Rapid Deconstruct  Erth           0%         3d4*      100%        5
 Silence                  Hex/Air        0%         N/A       100%        5
 Death Channel            Necr           0%         N/A       100%        6
 Dispersal                Tloc           0%         N/A       100%        6
 Lehudib's Crystal Spear  Conj/Erth      0%         10d2      100%        8


Dungeon Overview and Level Annotations

Branches:
Dungeon (7/15)             Temple (1/1) D:7          Bailey (1/1)

Altars:
Ashenzari
Cheibriados
Dithmenos
Elyvilon
Fedhas
Gozag
Hepliaklqana
Kikubaaqudgha
Makhleb
Nemelex Xobeh
Okawaru
Qazlal
Ru
Sif Muna
Trog
Uskayaw
Vehumet
Wu Jian
Xom
Zin
The Shining One

Shops:
D:1 (


Innate Abilities, Weirdness & Mutations

You are a tree.
Your roots penetrate the ground, keeping you stationary.
You cannot be teleported.
You are immune to unholy pain and torment.
Your maximum health is greatly increased.
Your equipment is partially melded.
You are too large for most types of armour.
((You have tough skin. (AC +1)))


Message History

As you read the scroll of immolation, it crumbles to dust.
The creatures around you are filled with an inner flame!
You hit the hobgoblin but do no damage. The hobgoblin barely misses you.
The hobgoblin hits you with a +0 war axe!
You take 11 damage, and have 42/80 hp.
Things that are here:
a +0 hand axe; a +0 leather armour The hobgoblin attacks as you move away!
The hobgoblin closely misses you.
You closely miss the hobgoblin. The hobgoblin misses you.
You closely miss the hobgoblin.
The hobgoblin hits you with a +0 hand axe.
The hobgoblin closely misses you.
You take 5 damage, and have 38/80 hp.
The hobgoblin attacks as you move away!
The hobgoblin hits you with a +0 hand axe.
The goblin hits you with a +0 hand axe.
Things that are here:
a +0 hand axe; a +0 leather armour You take 9 damage, and have 29/80 hp.
The hobgoblin barely misses you. The goblin hits you with a +0 hand axe.
The hobgoblin attacks as you move away!
The hobgoblin hits you with a +0 hand axe.
* * * LOW HITPOINT WARNING * * *
The goblin attacks as you move away! The goblin hits you with a +0 hand axe.
* * * LOW HITPOINT WARNING * * *
The hobgoblin hits you with a +0 war axe!
* * * LOW HITPOINT WARNING * * *
You take 18 damage, and have 11/80 hp.
MASSIVE DAMAGE!!
The hobgoblin attacks as you move away! The hobgoblin misses you.
Really quaff the potion of lignification?
You turn into a tree.
Your +0 hat melds into your body.
Your +0 robe melds into your body.
Your roots penetrate the ground.
The hobgoblin hits you but does no damage. x2
You now have 18/120 hp.
You bludgeon the hobgoblin!!
The hobgoblin explodes!
The fiery explosion engulfs the goblin!!
The fiery explosion engulfs the hobgoblin!!
The fiery explosion engulfs you!!
You die...

♣....∩....♣♣
♣♣..........♣
♣.....∩.....♣
♣♣.........♣♣
♣.........♣
♣♣##'''##♣♣
##.....## #.......#
##..§♣§..##
#...§§§...#
##...§o§...##
#....)))....# #####
##.........##.....#
+.........)(......
##.......##.......
#.......# .......
##.....## .......


You could see an orc knight (inner flame).

Vanquished Creatures
  A water moccasin (D:5)
  A black bear (D:4)
  An orc warrior (Bailey)
  2 sky beasts (D:6)
  4 ogres
  A centaur (D:5)
  2 kobold brigands (D:4)
  6 scorpions
  5 wights (D:7)
  2 electric eels (D:6)
  3 jellies (D:4)
  4 hounds
  2 orc priests (D:4)
  A gnoll bouda (D:7)
  3 iguanas
  3 orc wizards
  13 gnolls
  7 adders
  A white imp (D:5)
  3 dart slugs (D:2)
  12 orcs
  5 ball pythons
  4 endoplasms
  3 giant cockroaches
  9 goblins
  8 hobgoblins
  10 jackals
  16 kobolds
  3 quokkas
  8 bats
  3 frilled lizards
  3 rats
149 creatures vanquished.

Notes
Turn   | Place    | Note
-------+----------+-------------------------------------------
     0 | D:1      | KyoPewz the Ogre Gladiator began the quest for the Orb.
     0 | D:1      | Reached XP level 1. HP: 22/22 MP: 1/1
    65 | D:1      | Reached skill level 3 in Maces & Flails
   125 | D:1      | Reached XP level 2. HP: 26/29 MP: 2/2
   207 | D:1      | Found Jeilip's Antique Weapon Emporium.
   391 | D:1      | Found a faded altar of an unknown god.
   660 | D:2      | Reached XP level 3. HP: 27/36 MP: 3/3
   862 | D:2      | Reached skill level 4 in Maces & Flails
   901 | D:2      | Found a sacrificial altar of Ru.
  1201 | D:2      | Reached XP level 4. HP: 41/44 MP: 4/4
  1742 | D:3      | Reached skill level 5 in Maces & Flails
  1742 | D:3      | Reached XP level 5. HP: 19/50 MP: 5/5
  2258 | D:4      | Noticed a kobold brigand
  2464 | D:4      | Killed a kobold brigand
  2675 | D:4      | Noticed an ogre
  2677 | D:4      | Killed an ogre
  2678 | D:4      | Reached skill level 6 in Maces & Flails
  2678 | D:4      | Reached XP level 6. HP: 59/59 MP: 6/6
  3174 | D:4      | Reached skill level 7 in Maces & Flails
  3174 | D:4      | Reached XP level 7. HP: 48/66 MP: 7/7
  3888 | D:4      | Found an iron altar of Okawaru.
  3994 | D:4      | Reached skill level 8 in Maces & Flails
  4356 | D:4      | Reached XP level 8. HP: 53/74 MP: 8/8
  4469 | D:4      | Reached skill level 9 in Maces & Flails
  4755 | D:5      | Entered Level 5 of the Dungeon
  4929 | D:5      | Found a hazy altar of Hepliaklqana.
  5557 | D:5      | Reached skill level 10 in Maces & Flails
  5639 | D:5      | Found a blossoming altar of Fedhas.
  5639 | D:5      | Found a hide-covered altar of Uskayaw.
  5641 | D:5      | Found a shadowy altar of Dithmenos.
  5963 | D:5      | Found a shimmering altar of Xom.
  5967 | D:5      | Found a shimmering blue altar of Sif Muna.
  6226 | D:6      | Reached XP level 9. HP: 63/80 MP: 9/9
  6434 | D:6      | Found a sparkling altar of Nemelex Xobeh.
  8128 | D:6      | Reached skill level 11 in Maces & Flails
  8439 | D:7      | Found a burning altar of Makhleb.
  8439 | D:7      | Noticed a blizzard demon
  8763 | D:7      | Found a staircase to the Ecumenical Temple.
  8769 | Temple   | Entered the Ecumenical Temple
  8947 | D:7      | Found a flagged portal.
  8976 | Bailey   | Entered a bailey
  9196 | Bailey   | Noticed an orc knight
  9221 | Bailey   | Killed by an exploding hobgoblin... ignited by their inner
                  | flame

Illustrated notes

Levels and vault maps discovered:
D:1:      shiori_arrival_oz, layout_loops_cross, serial_shops,
          nicolae_shop_getting_attention, hellmonk_ecumenical_altar_run_dry,
          hex_large
D:2:      layout_basic, basic_altar, minmay_pentomino_u2
D:3:      layout_rooms
D:4:      cheibrodos_thug_alley, layout_basic, kennysheep_mini
D:5:      layout_cave_pools, mainiacjoe_overflow_concentric_impassable,
          nicolae_overflow_hidden_temple, st_stairs_1
D:6:      layout_basic, nemelex_xobeh_ov_fountains_minmay,
          kennysheep_decorative_pillar, roderic_serpentine_path,
          solitary_fountain
D:7:      layout_layer_cave, makhleb_altar_promises_db,
          minmay_temple_entry_hall, serial_rivers,
          chequers_serial_rivers_room_b, chequers_serial_rivers_small_3,
          chequers_serial_rivers_micro_d, chequers_serial_rivers_large_b,
          enter_bailey_2
Temple:   minmay_temple_bridge_abc
Bailey:   bailey_axe_minmay_hex_keep, bailey

Skill      XL: |  1  2  3  4  5  6  7  8  9 |
---------------+----------------------------+-----
Maces & Flails | 3 4 5 6 7 8 10 11 | 11.7
Fighting       | |  2.6
Throwing       | |  2.4
Dodging        | |  2.6

Action                     |  1- 3 |  4- 6 |  7- 9 || total
---------------------------+-------+-------+-------++-------
  Melee: Flail             |   106 |    20 |       ||   126
         Punch             |     2 |       |     4 ||     6
         Mace              |       |    95 |   240 ||   335
         Giant club        |       |       |    11 ||    11
  Throw: Boomerang         |       |     9 |     2 ||    11
         Dart              |       |     7 |    38 ||    45
         Large rock        |       |     4 |     8 ||    12
         Throwing net      |       |     2 |     1 ||     3
         Stone             |       |       |    44 ||    44
    Use: Potion            |       |       |     3 ||     3
         Scroll            |       |       |     8 ||     8
   Stab: Held in net/web   |       |     2 |       ||     2
 Armour: Robe              |    40 |    22 |    42 ||   104
         Skin              |       |       |    11 ||    11
  Dodge: Dodged            |    80 |    71 |   126 ||   277
